 Dungeon Crawl Stone Soup version 0.24.1-14-gf8d2b509d9 (webtiles) character file.

Game seed: 2894372009782882663, levelgen mode: deterministic

28 Hugehornet the Sneak (level 3, 0/21 HPs)
             Began as an Octopode Enchanter on May 20, 2020.
             Slain by a jackal (3 damage)
             ... on level 2 of the Dungeon.
             The game lasted 00:01:21 (1221 turns).

Hugehornet the Sneak (Octopode Enchanter)           Turns: 1221, Time: 00:01:22

Health: 0/21       AC:  1    Str:  7    XL:     3   Next: 14%
Magic:  6/6        EV: 13    Int: 18    God:
Gold:   85         SH:  0    Dex: 12    Spells: 5/6 levels left

rFire    . . .     SeeInvis .   a - +1 dagger
rCold    . . .     Gourm    .   (no shield)
rNeg     . . .     Faith    .   (helmet restricted)
rPois    .         Spirit   .   (no amulet)
rElec    .         Reflect  .   (no ring)
rCorr    .         Harm     .   (no ring)
MR       .....                  (no ring)
Stlth    ++++......             (no ring)
HPRegen  0.07/turn              (no ring)
MPRegen  0.10/turn              (no ring)
                                (no ring)
                                (no ring)

@: no status effects
A: almost no armour, stealthy swim, amphibious, 8 rings, constrict 8, camouflage
1, gelatinous body 1
a: no special abilities


You were on level 2 of the Dungeon.
You were not hungry.

You visited 1 branch of the dungeon, and saw 2 of its levels.

You collected 85 gold pieces.

Inventory:

Hand Weapons
 a - a +1 dagger (weapon)
Scrolls
 b - 2 scrolls of remove curse
 d - a scroll of amnesia {unknown}
 e - a scroll of blinking {unknown}
 f - a scroll of teleportation
Potions
 g - a potion of agility {unknown}
 h - a potion of berserk rage {unknown}
Comestibles
 c - 3 rations


   Skills:
 - Level 1.0 Short Blades
 - Level 2.0 Dodging
 + Level 5.9 Stealth
 - Level 2.0 Spellcasting
 - Level 3.0 Hexes


You had 5 spell levels left.
You knew the following spells:

 Your Spells              Type           Power        Failure   Level  Hunger
a - Corona                Hex            ##.....      5%          1    #......

Your spell library contained the following spells:

 Spells                   Type           Power        Failure   Level  Hunger
 Ensorcelled Hibernation  Hex/Ice        #.....       14%         2    ###....
 Confuse                  Hex            ##......     16%         3    ###....
 Tukima's Dance           Hex            ##......     16%         3    ###....
 Dazzling Spray           Conj/Hex       #.....       28%         3    ###....


Dungeon Overview and Level Annotations

Branches:
Dungeon (2/15)

Altars:


Innate Abilities, Weirdness & Mutations

You cannot wear most types of armour.
You are very stealthy in the water. (Stealth+)
You are amphibious.
You can wear up to eight rings at the same time.
You can use your tentacles to constrict eight enemies at once.
Your skin changes colour to match your surroundings (Stealth+).
Your rubbery body absorbs attacks. (AC +1, EV +1)


Message History

Your squeeze misses the goblin.
The goblin is moderately wounded.
The goblin barely misses you.
You closely miss the goblin. You grab the goblin.
The goblin is moderately wounded.
You constrict the goblin. The goblin hits you.
* * * LOW HITPOINT WARNING * * *
You hit the goblin.
The goblin is severely wounded.
You constrict the goblin.
You kill the goblin!
The jackal bites you.
* * * LOW HITPOINT WARNING * * *
You hit the jackal but do no damage. Your grab misses the jackal.
The jackal is heavily wounded.
The jackal closely misses you.
You hit the jackal but do no damage. You grab the jackal.
The jackal is heavily wounded.
You constrict the jackal. The jackal bites you.
You die...

### #############.#
#.............#
##.##########.#######
#.# #............ #.#
#.###.####### #.# #.#
#.# #########
####.######.#
#.###.......#
.........##.#
#.@hhh.......
.###.###.##.#
#####.......#
.###........#
#.......#
....##...####
#.......# ###.##...#
#.......# #.##...#
#.......# #.##...#
#.......# #.##...#
#.......# #.##...###
#########


You could see 3 jackals.

Vanquished Creatures
  3 dart slugs (D:1)
  A ball python (D:1)
  3 goblins
  3 hobgoblins (D:1)
  A jackal (D:2)
  A kobold (D:1)
  6 bats
  A frilled lizard (D:1)
  A rat (D:1)
20 creatures vanquished.

Notes
Turn   | Place    | Note
-------+----------+-------------------------------------------
     0 | D:1      | Hugehornet the Octopode Enchanter began the quest for the
                  | Orb.
     0 | D:1      | Reached XP level 1. HP: 11/11 MP: 3/3
   203 | D:1      | Reached XP level 2. HP: 12/17 MP: 5/5
   320 | D:1      | Reached skill level 5 in Stealth
   993 | D:1      | Reached XP level 3. HP: 21/21 MP: 6/6
  1221 | D:2      | Slain by a jackal

Levels and vault maps discovered:
D:1:      dpeg_arrival_round_c, layout_loops_ring, serial_bayou,
          serial_bayou_pond_a, serial_bayou_pond_e, serial_bayou_pond_c,
          serial_bayou_pond_e
D:2:      layout_basic

Skill      XL: |  1  2 |
---------------+-------+-----
Stealth        | 5 |  5.9
Short Blades   | |  1.0
Dodging        | |  2.0
Spellcasting   | |  2.0
Hexes          | |  3.0

Action                   || total
-------------------------++-------
Melee: Dagger            ||    46
       Constrict         ||     9
       Tentacles         ||     4
  Use: Scroll            ||     2
 Stab: Sleeping          ||    11
  Eat: Chunk             ||     1
Armor: Skin              ||     4
Dodge: Dodged            ||    38
